 Dungeon Crawl Stone Soup version 0.30-a0-879-ga8ba668304 (webtiles) character file.

Game seed: 4993962616984747067

2811702 OrthodoxDeviant the Slayer (level 27, 287/287 HPs)
             Began as an Armataur Berserker on Mar 4, 2023.
             Was the Champion of Zin.
             Escaped with the Orb
             ... and 5 runes on Mar 13, 2023!
             The game lasted 09:15:39 (86950 turns).

OrthodoxDeviant the Slayer (Armataur Berserker)    Turns: 86950, Time: 09:15:40

Health: 287/287    AC: 53    Str: 28    XL:     27
Magic:  38/38      EV:  3    Int: 19    God:    Zin [******]
Gold:   2886       SH: 30    Dex: 17    Spells: 31/36 levels left

rFire   + + +      SeeInvis +    b - +9 eudemon blade (holy)
rCold   + + .      Faith    .    n - +7 tower shield of Xom's Inspiration {rC+ Regen+}
rNeg    + . .      Spirit   .    A - +12 gold dragon scales
rPois   +          Reflect  .    C - +1 hat of the Watchman {rCorr Dex+3}
rElec   +          Roll     +    y - +2 cloak {Will+}
rCorr   +          Clarity  +    Y - +3 pair of gloves of the New World {Contam +Blink rPois Regen+ SInv}
Will    +++..                    T - +2 barding {Stlth+} Stlth
                                 j - amulet of the Butterfly {rElec Regen+ Dex+8}
HPRegen 3.07/turn                H - ring "Koups" {rPois rF+ rN+ Dex-2}
MPRegen 0.26/turn                u - ring "Palloah" {rElec rF++ Int+3 Dex-4 Slay+4}

@: studying 2 skills
A: large, rugged brown scales 3, deformed body, armoured tail, roll, long
tongue, awkward tongue, horns 1, clarity, clever 1
0: Orb of Zot
}: 5/15 runes: decaying, slimy, silver, abyssal, gossamer
a: Renounce Religion, Evoke Blink, Recite, Vitalisation, Imprison, Sanctuary,
Donate Gold


You escaped.
You worshipped Zin.
Zin was exalted by your worship.
You visited 13 branches of the dungeon, and saw 57 of its levels.
You visited the Abyss 2 times.
You visited 1 bazaar.
You also visited: Ice Cave and Volcano.

You collected 8881 gold pieces.
You spent 5656 gold pieces at shops.
You donated 339 gold pieces to Zin.

Inventory:

Hand Weapons
 b - a +9 eudemon blade of holy wrath (weapon)
 r - a +3 antimagic falchion
 I - a +9 heavy double sword
 O - the +8 autumn katana {manifold assault}
   (You found it on level 1 of the Lair of Beasts)

   Manifold Assault: It sometimes launches melee attacks against multiple
   visible enemies.
Missiles
 m - 4 throwing nets
 o - 3 silver javelins
 M - 23 curare-tipped darts (quivered)
Armour
 n - the +7 tower shield of Xom's Inspiration (worn) {rC+ Regen+}
   (You found it on level 13 of the Dungeon)

   rC:        It protects you from cold.
   Regen:     It increases your rate of health regeneration.
 y - a +2 cloak of willpower (worn)
 z - the +3 helmet "Teroynn" {Str+6}
   (You acquired it on level 11 of the Dungeon)

   Str:       It affects your strength (+6).
 A - +12 gold dragon scales (worn)
 C - the +1 hat of the Watchman (worn) {rCorr Dex+3}
   (You found it on level 1 of the Depths)

   Dex:       It affects your dexterity (+3).
   rCorr:     It protects you from acid and corrosion.
 S - the -1 hat of the Harvest {Will+}
   (You found it on level 3 of the Realm of Zot)

   Will:      It increases your willpower.
 T - a +2 barding of stealth (worn)
 Y - the +3 pair of gloves of the New World (worn) {Contam +Blink rPois Regen+ SInv}
   (You acquired it on level 11 of the Dungeon)

   rPois:     It protects you from poison.
   SInv:      It lets you see invisible.
   +Blink:    It lets you blink.
   Contam:    It causes magical contamination when unequipped.
   Regen:     It increases your rate of health regeneration.
Jewellery
 g - a ring of ice
 h - a ring of willpower
 j - the amulet of the Butterfly (around neck) {rElec Regen+ Dex+8}
   (You bought it in a shop on level 9 of the Dungeon)

   [amulet of regeneration]

   Dex:       It affects your dexterity (+8).
   rElec:     It insulates you from electricity.
   Regen:     It increases your rate of health regeneration.
 u - the ring "Palloah" (right hand) {rElec rF++ Int+3 Dex-4 Slay+4}
   (You bought it in a shop in a bazaar)

   [ring of slaying]

   Int:       It affects your intelligence (+3).
   Dex:       It affects your dexterity (-4).
   Slay:      It affects your accuracy & damage with ranged weapons and melee
   (+4).
   rF:        It greatly protects you from fire.
   rElec:     It insulates you from electricity.
 E - a ring of protection from cold
 H - the ring "Koups" (left hand) {rPois rF+ rN+ Dex-2}
   (You bought it in a shop on level 2 of the Vaults)

   [ring of protection from fire]

   Dex:       It affects your dexterity (-2).
   rF:        It protects you from fire.
   rPois:     It protects you from poison.
   rN:        It protects you from negative energy.
 L - a ring of fire
 Q - a ring of resist corrosion
Wands
 d - a wand of mindburst (10)
 f - a wand of charming (7)
 l - a wand of digging (10)
 R - a wand of iceblast (50)
Scrolls
 a - a scroll of brand weapon
 c - 11 scrolls of teleportation
 e - 14 scrolls of fear
 q - 3 scrolls of enchant armour
 w - 5 scrolls of silence
 x - 9 scrolls of fog
 B - 8 scrolls of summoning
 D - 6 scrolls of enchant weapon
 N - 6 scrolls of blinking
 P - 8 scrolls of magic mapping
Potions
 i - 6 potions of haste
 k - 4 potions of heal wounds
 p - 10 potions of might
 s - 23 potions of curing
 F - 12 potions of flight
 J - 3 potions of mutation
 K - 9 potions of magic
 U - a potion of invisibility
 V - 3 potions of resistance
Miscellaneous
 t - a phantom mirror


   Skills:
 - Level 26.1 Fighting
 - Level 10.9(17.9) Short Blades
 - Level 22.3(23.1) Long Blades
 - Level 22.4 Armour
 - Level 1.4 Dodging
 - Level 22.5 Shields
 + Level 5.2 Spellcasting
 * Level 8.4 Hexes
 * Level 8.4 Air Magic
 - Level 22.2 Invocations
 - Level 0.1 Evocations


You had 31 spell levels left.
You knew the following spells:

 Your Spells              Type           Power      Damage    Failure   Level
a - Silence               Hex/Air        18%        N/A       80%         5

Your spell library contained the following spells:

 Spells                   Type           Power      Damage    Failure   Level
 Slow                     Hex            100%       N/A       4%          1
 Confusing Touch          Hex            37%        N/A       16%         3
 Swiftness                Air            36%        N/A       16%         3
 Tukima's Dance           Hex            37%        N/A       16%         3
 Ensorcelled Hibernation  Hex/Ice        42%        N/A       38%         2
 Poisonous Vapours        Pois/Air       40%        N/A       38%         2
 Cause Fear               Hex            18%        N/A       45%         4
 Cigotuvi's Dreadful Rot  Necr/Pois/Air  30%        N/A       58%         2
 Dazzling Flash           Conj/Hex       42%        N/A       63%         3
 Portal Projectile        Hex/Tloc       42%        N/A       63%         3
 Summon Guardian Golem    Hex/Summ       21%        N/A       63%         3
 Kindle Blastsparks       Fire/Tloc/Air  30%        2d12      83%         3
 Freeze                   Ice            20%        1d4       85%         1
 Necrotise                Necr           20%        1d5       85%         1
 Sandblast                Erth           10%        2d5       85%         1
 Summon Small Mammal      Summ           20%        N/A       85%         1
 Passwall                 Tmut/Erth      4%         N/A       94%         2
 Scorch                   Fire           10%        2d6       94%         2
 Sublimation of Blood     Necr           5%         N/A       94%         2
 Wereblood                Tmut           5%         N/A       94%         2
 Anguish                  Hex/Necr       10%        N/A       95%         4
 Leda's Liquefaction      Hex/Erth       10%        N/A       95%         4
 Summon Lightning Spire   Summ/Air       20%        N/A       95%         4
 Call Canine Familiar     Summ           5%         N/A       99%         3
 Frozen Ramparts          Ice            10%        1d2       99%         3
 Hailstorm                Conj/Ice       5%         3d4       99%         3
 Ignite Poison            Fire/Tmut/Pois 5%         N/A       99%         3
 Stone Arrow              Conj/Erth      10%        3d7       99%         3
 Vampiric Draining        Necr           5%         2d6       99%         3
 Animate Armour           Summ/Erth      10%        N/A       100%        4
 Animate Dead             Necr           5%         N/A       100%        4
 Flame Wave               Conj/Fire      5%         2d5       100%        4
 Ice Form                 Ice/Tmut       5%         N/A       100%        4
 Iskenderun's Mystic Bla  Conj/Tloc      5%         2d3       100%        4
 Olgreb's Toxic Radiance  Pois           5%         N/A       100%        4
 Passage of Golubria      Tloc           5%         N/A       100%        4
 Petrify                  Tmut/Erth      5%         N/A       100%        4
 Sticky Flame             Conj/Fire      5%         2d3       100%        4
 Agony                    Necr           5%         N/A       100%        5
 Alistair's Intoxication  Tmut/Pois      3%         N/A       100%        5
 Blade Hands              Tmut           2%         N/A       100%        5
 Freezing Cloud           Conj/Ice/Air   7%         6-21      100%        5
 Irradiate                Conj/Tmut      2%         3d12      100%        5
 Lee's Rapid Deconstruct  Erth           2%         3d5*      100%        5
 Summon Forest            Summ/Tloc      2%         N/A       100%        5
 Summon Mana Viper        Hex/Summ       21%        N/A       100%        5
 Yara's Violent Unravell  Hex/Tmut       10%        3d6       100%        5
 Eringya's Noxious Bog    Tmut/Pois      2%         N/A       100%        6
 Iron Shot                Conj/Erth      2%         9d2       100%        6
 Starburst                Conj/Fire      2%         6d3       100%        6
 Statue Form              Tmut/Erth      3%         N/A       100%        6
 Summon Cactus Giant      Summ           2%         N/A       100%        6
 Dragon Form              Tmut           2%         N/A       100%        7
 Haunt                    Necr/Summ      2%         N/A       100%        7
 Monstrous Menagerie      Summ           2%         N/A       100%        7
 Ozocubu's Refrigeration  Ice            2%         4d8       100%        7
 Storm Form               Tmut/Air       10%        N/A       100%        7
 Summon Hydra             Summ           2%         N/A       100%        7
 Ignition                 Fire           2%         3d3       100%        8
 Infestation              Necr           2%         N/A       100%        8
 Lehudib's Crystal Spear  Conj/Erth      2%         10d2      100%        8
 Death's Door             Necr           2%         N/A       100%        9
 Polar Vortex             Ice            2%         N/A       100%        9
 Shatter                  Erth           2%         3d6*      100%        9


Dungeon Overview and Level Annotations

Branches:
Dungeon (15/15)            Temple (1/1) D:5            Lair (5/5) D:8
  Swamp (4/4) Lair:2       Spider (4/4) Lair:2        Slime (5/5) Lair:4
    Orc (2/2) D:11            Elf (3/3) Orc:2        Vaults (5/5) D:13
  Crypt (3/3) Vaults:3       Tomb (0/3) Crypt:3      Depths (4/4) D:15
   Hell (visited)             Zot (5/5) Depths:4      IceCv (visited)
Volcano (visited)
    Dis: Hell:1         Geh: Hell:1         Coc: Hell:1         Tar: Hell:1

Altars:
Ashenzari
Cheibriados
Dithmenos
Elyvilon
Fedhas
Gozag
Hepliaklqana
Kikubaaqudgha
Makhleb
Nemelex Xobeh
Okawaru
Qazlal
Ru
Sif Muna
Trog
Uskayaw
Vehumet
Wu Jian
Xom
Yredelemnul
Zin
The Shining One
Jiyva

Shops:
D:9 =:(   Orc:2 ?:[:(   Elf:3 [   Vaults:2 =   Vaults:3 *   Vaults:5 ??
Zot:2 **

Portals:
Hell: Depths:1 Depths:2 Depths:3 Depths:4
Abyss: Depths:1 Depths:3 Depths:4
Pandemonium: Depths:1 Depths:2 Depths:3
Ziggurat: Depths:4
Trove: D:15 (give 2 scrolls of acquirement)

Annotations:
Swamp:3 2 transporters, Vioczuc's ghost, adept TrCK
Spider:1 Roxanne
Hell Geryon


Innate Abilities, Weirdness & Mutations

You are completely covered in rugged brown scales. (AC +3, +7% HP)
Armour fits poorly on your strangely shaped body.
You have a long armoured tail.
You roll when moving toward enemies. (Rampage)
Your long tongue fully drains potion bottles. (2x potion effects)
Your tongue gives you trouble enunciating. (1.5x scroll delay)
You have a pair of small horns on your head.
You possess an exceptional clarity of mind.
Your mind is acute. (Int +4, Str/Dex -1)


Message History

There is an open door here.
A glowing orange brain comes into view.
You slice the glowing orange brain!!
Your headbutt misses the glowing orange brain.
Your tail-slap misses the glowing orange brain.
The glowing orange brain is moderately wounded.
You barely miss the glowing orange brain.
You headbutt the glowing orange brain, but do no damage.
The glowing orange brain is moderately wounded.
The glowing orange brain pulsates ominously.
You hit the glowing orange brain but do no damage.
You tail-slap the glowing orange brain!
The glowing orange brain is severely wounded.
You open the glowing orange brain like a pillowcase!!!
You kill the glowing orange brain!
No target in view!
(D) Dungeon (T) Temple (L) Lair (S) Swamp (N) Spider Nest (M) Slime Pits (O) Orcish Mines (E) Elven Halls (V) Vaults (C) Crypt (W) Tomb (U) Depths (H) Hell (Z) Zot
Where to? (Enter - D:1 @ (x,y), ? - help)
An orange demon comes into view.
You roll towards the orange demon!
You roll towards the orange demon!
You slice the orange demon!!
The orange demon convulses.
You headbutt the orange demon, but do no damage.
The orange demon is heavily wounded.
You slash the orange demon!
The orange demon convulses!
You kill the orange demon!
No target in view!
No target in view!
(D) Dungeon (T) Temple (L) Lair (S) Swamp (N) Spider Nest (M) Slime Pits (O) Orcish Mines (E) Elven Halls (V) Vaults (C) Crypt (W) Tomb (U) Depths (H) Hell (Z) Zot
Where to? (Enter - D:1 @ (x,y), ? - help)
Okay, then.
Unknown command.
There is a staircase leading out of the dungeon here.
You have escaped!

.....##########..#####...#######.
..#..##...................# #.
..#..##..###############..# #.
..#..##'##.............##'## #.
..####..........⌠..........### #.
.###...⌠.................⌠...###.
.##........⌠.........⌠........##.
.#.............................#.
##...⌠..........@..........⌠...#.
##.............................##
###........⌠.........⌠........##.
####...⌠.................⌠...###.
...###.........(⌠..........###...
.#...#####.............##########
.##..>################## #......
.##.#.#..........# #.#####
.#..#.#.########.# #.#


There were no monsters in sight!

Vanquished Creatures
  Dissolution (Slime:5)
  5 dread liches
  4 ancient liches
  Mara (Depths:1)
  3 orbs of fire (Zot:5)
  3 juggernauts
  The ghost of Joggorr the Slayer, a veteran OgBe of Trog (Zot:2)
  Boris (twice) (Crypt:3 Zot:5)
  the Lernaean hydra (Swamp:4)
  Margery (Depths:3)
  7 Killer Klowns (Zot:5)
  A shard shrike (IceCv)
  3 curse toes
  Frederick (Vaults:5)
  The ghost of Xitz the Cryomancer, a veteran DsCj of Vehumet (Zot:3)
  Jory (Crypt:3)
  11 golden dragons
  A Brimstone Fiend (D:6)
  2 electric golems (Zot:5)
  2 hellephants (Depths:1)
  Jorgrun (Swamp:1)
  Rupert (Lair:3)
  22 tentacled monstrosities
  4 Hell Sentinels
  4 liches
  27 Orb Guardians
  2 deep elf blademasters
  2 titans
  6 quicksilver dragons
  2 deep elf master archers (Elf:3)
  18 acid blobs
  Frances (Spider:2)
  17 death cobs
  9 tentacled starspawn
  6 ancient champions
  The ghost of relicbr the Unseen, an adept SpDe of Dithmenos (Depths:1)
  2 thorn hunters (Swamp:4)
  10 tengu reavers
  4 shadow dragons
  16 storm dragons
  7 draconian monks
  A revenant (Crypt:2)
  Donald (Swamp:1)
  A demonspawn warmonger (Zot:5)
  8 azure jellies
  10 fire giants
  A rockslime (Slime:1)
  A fenstrider witch (Swamp:4)
  10 frost giants
  Louise (Spider:1)
  6 draconian knights
  19 vault wardens
  2 iron dragons
  11 deep elf sorcerers
  6 draconian scorchers
  A balrug (Abyss:3)
  4 ghost moths
  4 draconian shifters
  3 curse skulls
  9 emperor scorpions
  2 draconian stormcallers
  2 spriggan defenders (Depths:4)
  7 ghouls
  5 draconian annihilators
  4 deep elf elementalists (Elf:3)
  5 war gargoyles
  11 ironbound preservers
  41 stone giants
  30 very ugly things
  3 reapers
  2 broodmothers
  10 quicksilver oozes
  9 ironbound thunderhulks
  8 green draconians
  8 black draconians
  6 deep elf demonologists
  25 vampire knights
  12 yellow draconians
  3 spark wasps
  21 dire elephants
  7 bunyips
  11 white draconians
  9 deep elf annihilators
  3 eleionomae
  A spectral titan (Depths:1)
  A lorocyproca (Abyss:3)
  10 purple draconians
  12 red draconians
  A crystal guardian (Hell)
  3 iron golems (Depths:1)
  6 deep elf death magi
  6 ettins
  7 fire dragons
  7 jiangshi
  An ettin (shapeshifter) (Vaults:2)
  6 blizzard demons
  A merfolk javelineer (Depths:1)
  A merfolk impaler (Depths:1)
  9 eidola
  8 deep elf high priests
  A spectral spriggan (Depths:1)
  11 great orbs of eyes
  11 yaktaur captains
  4 entropy weavers
  A spectral golden dragon (Depths:1)
  Fannar (Orc:1)
  7 rakshasas
  15 ice dragons
  3 peacekeepers
  A caustic shrike simulacrum (Depths:1)
  2 ogre magi (Vaults:5)
  A bennu zombie (Crypt:2)
  A spriggan skeleton (Abyss:3)
  19 hydras
  12 ironbound frosthearts
  30 vault guards
  7 spriggan air magi
  8 centaur warriors
  2 spectral sphinxes (Depths:1)
  2 jorogumos (Spider:3)
  5 radroaches
  A death knight (Crypt:2)
  7 alligators
  The ghost of Fiji Kou the Summoner, a journeyman FeSu of Gozag (Lair:3)
  5 boulder beetles
  39 dancing weapons
  6 tengu warriors
  An anaconda (Lair:3)
  14 two-headed ogres
  12 deep troll shamans
  30 death yaks
  17 hell hogs
  12 deep troll earth magi
  3 spriggan berserkers
  18 vampire magi
  A titan zombie (Crypt:3)
  4 thrashing horrors
  Urug (D:10)
  3 orc high priests (Orc:2)
  A spectral storm dragon (Depths:1)
  A shock serpent (shapeshifter) (Vaults:3)
  A storm dragon zombie (Vaults:5)
  9 soul eaters
  A sun moth (Spider:1)
  17 deep elf knights
  6 sun demons
  11 hell knights (Depths:4)
  60 skeletal warriors
  A titan skeleton (Vaults:5)
  2 crystal echidnas (Hell)
  16 iron trolls
  A skyshark (Lair:4)
  3 pharaoh ants
  4 sixfirhies
  6 wretched stars
  A fire crab (shapeshifter) (D:14)
  3 goliath frogs
  A shadow wraith (Crypt:2)
  A golden dragon zombie (Crypt:3)
  2 iron giant zombies (Crypt:3)
  10 swamp dragons
  A cherub (Zot:4)
  5 glowing orange brains
  7 orb spiders
  5 flayed ghosts
  3 shadow demons
  63 deep trolls
  A spectral iron dragon (Depths:1)
  An obsidian statue (Zot:2)
  A spriggan simulacrum (Depths:1)
  9 deep elf archers
  A spriggan druid (Swamp:4)
  An orange crystal statue (IceCv)
  8 harpies (Vaults:1)
  13 bog bodies
  14 necromancers
  30 phantasmal warriors
  An iron giant skeleton (Crypt:2)
  9 wizards
  10 steelbarb worms
  4 spectral wolf spiders (Spider:2)
  27 deep elf pyromancers
  4 lindwurms
  A mana viper (shapeshifter) (D:15)
  6 wolf spider zombies (Spider:2)
  6 orc knights
  24 ironbound convokers
  27 deep elf zephyrmancers
  A sphinx skeleton (Vaults:3)
  A fire giant zombie (Depths:1)
  A stone giant zombie (Vaults:5)
  7 will-o-the-wisps
  2 manticores
  5 orc sorcerers
  72 ugly things
  13 wolf spiders
  15 cyclopes
  2 tengu skeletons
  An eleionoma zombie (Crypt:2)
  A moth of wrath (shapeshifter) (Vaults:5)
  5 shining eyes
  4 worldbinders
  48 moths of wrath
  8 elephants
  2 rust devils
  2 centaur zombies (Crypt:3)
  5 orange demons
  2 apocalypse crabs (Abyss:3)
  9 black mambas
  5 demonic crawlers
  3 human skeletons (Vaults:3)
  20 vault sentinels
  12 cane toads
  10 smoke demons
  3 naga zombies (Crypt:1)
  3 gargoyles
  2 red draconian zombies (Crypt:1)
  A titan simulacrum (Depths:1)
  An eye of devastation (Slime:3)
  A fire giant skeleton (Crypt:1)
  5 torpor snails
  An alligator snapping turtle skeleton (Crypt:1)
  17 rime drakes
  2 centaur skeletons (Crypt:1)
  An unseen horror (D:12)
  8 komodo dragons
  An ice devil (Depths:3)
  A bunyip simulacrum (Crypt:1)
  A spectral glowing shapeshifter (Depths:1)
  A dire elephant skeleton (Crypt:1)
  A red devil (Depths:2)
  4 freezing wraiths
  A guardian mummy (Crypt:3)
  3 tormentors
  36 yaktaurs
  7 tengu conjurers
  2 yaktaur skeletons (Vaults:3)
  2 silent spectres
  5 ancient zymes
  4 harpy zombies
  2 golden dragon simulacra (Depths:1)
  12 hornets
  3 meliai (Spider:2)
  23 polar bears
  A tengu simulacrum (Depths:1)
  A hellwing (Abyss:3)
  27 tarantellas
  12 trolls
  A human zombie (Vaults:3)
  3 wolf spider simulacra (Spider:2)
  An ettin zombie (Crypt:3)
  6 raiju
  13 dream sheep
  13 blink frogs (Lair:2)
  7 tyrant leeches
  2 alligator zombies
  A human simulacrum (Vaults:3)
  A snapping turtle (D:12)
  A guardian serpent zombie (Crypt:1)
  A stone giant simulacrum (Crypt:3)
  A spriggan zombie (Depths:1)
  A centaur simulacrum (Crypt:3)
  12 flying skulls
  22 jumping spiders
  139 slime creatures
  8 culicivoras
  A shapeshifter (Abyss:3)
  A wind drake zombie (Crypt:3)
  6 water elementals
  A merfolk skeleton (Crypt:1)
  A spriggan (shapeshifter) (Vaults:5)
  6 ynoxinuls
  18 large abominations
  7 spriggans
  5 air elementals
  3 wyverns
  An elf skeleton (Vaults:3)
  An ettin skeleton (Vaults:3)
  14 wraiths
  37 yaks
  A shadow (D:9)
  2 fire bats (Abyss:3)
  A redback (shapeshifter) (Elf:2)
  14 humans
  Grum (D:10)
  18 golden eyes
  5 chaos spawn
  5 basilisks
  6 neqoxecs
  2 fire elementals
  58 redbacks
  A sea snake simulacrum (Hell)
  3 wargs
  Menkaure (D:4)
  A glowing shapeshifter zombie (Vaults:3)
  15 vampire mosquitoes
  14 swamp worms
  An acid dragon (D:14)
  An ogre skeleton (Vaults:3)
  28 water moccasins
  A floating eye (shapeshifter) (D:15)
  5 glowing shapeshifter skeletons
  6 hell hounds
  A water nymph skeleton (Crypt:1)
  7 swamp drakes (Swamp:4)
  11 black bears
  An ettin simulacrum (Crypt:3)
  18 orc warriors
  A sky beast (D:7)
  5 boggarts (D:15)
  16 wolves
  98 starcursed masses
  21 ogres
  2 centaurs
  A lindwurm skeleton (Crypt:1)
  2 phantoms
  4 kobold brigands
  Blork the orc (D:6)
  19 bullfrogs
  5 earth elementals
  A necrophage (Swamp:3)
  7 scorpions
  A glowing shapeshifter simulacrum (Depths:1)
  A cyclops zombie (Crypt:1)
  A wyvern zombie (Crypt:2)
  2 wyvern skeletons
  5 wights
  8 small abominations
  A water moccasin skeleton (Crypt:1)
  15 killer bees
  7 howler monkeys
  12 electric eels
  A wolf zombie (Crypt:3)
  2 quasits
  2 jellies (D:7)
  14 orc priests
  Crazy Yiuf (D:5)
  10 hounds
  3 iguanas
  An iron imp (Abyss:2)
  A black bear skeleton (Crypt:2)
  Natasha (D:1)
  23 orc wizards
  4 hell rats (Lair:4)
  A killer bee zombie (Crypt:2)
  A hound zombie (Crypt:1)
  12 mummies (Crypt:3)
  Robin (D:2)
  19 adders
  A river rat (shapeshifter) (Vaults:2)
  A steam dragon zombie (Crypt:3)
  A swamp drake zombie (Crypt:3)
  A shadow imp (D:8)
  2 white imps (D:6)
  9 ufetubi
  5 worms (D:2)
  65 orcs
  12 endoplasms
  3 giant cockroaches
  20 goblins
  7 hobgoblins
  5 jackals (D:5)
  5 quokkas
  7 ball pythons
  3 bats
  4 frilled lizards
  A gnoll skeleton (Crypt:3)
  A hobgoblin skeleton (Crypt:2)
  32 kobolds
  An orc zombie (Crypt:3)
  2 rats
  11 butterflies (Vaults:3)
  A fire vortex (Hell)
  A plant (Depths:1)
2944 creatures vanquished.

Vanquished Creatures (collateral kills)
  the Royal Jelly (Slime:5)
  A rockslime (Slime:5)
  2 very ugly things (Vaults:5)
  An ettin (Vaults:5)
  A yaktaur captain (Vaults:5)
  A vault guard (Vaults:5)
  A catoblepas (Lair:5)
  4 death yaks (Lair:5)
12 creatures vanquished.

Vanquished Creatures (others)
  An orb of fire (Zot:5)
  A dire elephant (Vaults:1)
  An ogre mage (D:15)
  A boulder beetle (Vaults:1)
  A deep elf knight (Elf:2)
  A deep elf zephyrmancer (Elf:3)
  An unseen horror (Abyss:2)
  A yaktaur (Vaults:1)
  A hell rat (Lair:1)
  An orc (Orc:1)
  2 briar patches (Swamp:4)
  A bush (Lair:5)
  A creeping inferno (Hell)
  A demonic plant (Abyss:3)
  50 foxfires
  33 fungi
  A lurking horror (Abyss:3)
  69 plants
  19 starspawn tentacles
  2 tentacles (Hell)
189 creatures vanquished.

Grand Total: 3145 creatures vanquished

Notes
Turn   | Place    | Note
-------+----------+-------------------------------------------
     0 | D:1      | OrthodoxDeviant the Armataur Berserker began the quest for
                  | the Orb.
     0 | D:1      | Reached XP level 1. HP: 19/19 MP: 1/1
   158 | D:1      | Reached XP level 2. HP: 17/26 MP: 2/2
   618 | D:1      | Reached skill level 3 in Fighting
  1220 | D:2      | Identified the +1 dagger of the Extremes {elec, rC+++ MP+9
                  | Int-5 Dex-2}
  1285 | D:2      | Identified the +10 dagger "Uxicu" {freeze, *Rage rPois
                  | rC++}
  1342 | D:2      | Noticed Natasha
  1356 | D:2      | Noticed a crimson imp
  1372 | D:2      | Noticed a crimson imp
  1404 | D:1      | Killed Natasha
  1405 | D:1      | Reached XP level 3. HP: 28/33 MP: 3/3
  1567 | D:2      | Reached ** piety under Trog
  1616 | D:2      | Reached XP level 4. HP: 40/40 MP: 4/4
  1630 | D:2      | Noticed Robin
  1647 | D:2      | Reached skill level 1 in Shields
  1652 | D:2      | Killed Robin
  1891 | D:2      | Noticed Sigmund
  1912 | D:2      | Sigmund changed into Sigmund the adder
  1912 | D:2      | Noticed Sigmund
  1914 | D:2      | Killed Sigmund the adder
  2005 | D:2      | Reached XP level 5. HP: 48/48 MP: 5/5
  2230 | D:3      | Noticed a phantom
  2238 | D:3      | Killed a phantom
  2342 | D:3      | Reached skill level 1 in Short Blades
  2408 | D:3      | Found a broken altar of Ashenzari.
  2488 | D:3      | Reached *** piety under Trog
  2557 | D:3      | Found a snail-covered altar of Cheibriados.
  2568 | D:3      | Found a sparkling altar of Nemelex Xobeh.
  2573 | D:3      | Found a radiant altar of Vehumet.
  3396 | D:4      | Reached XP level 6. HP: 47/55 MP: 6/6
  3605 | D:4      | Noticed Menkaure
  3612 | D:4      | Killed Menkaure
  3613 | D:4      | Reached skill level 4 in Fighting
  3852 | D:4      | Reached XP level 7. HP: 63/63 MP: 7/7
  3905 | D:4      | Identified the +2 short sword of Instinct {spect, *Rage
                  | rPois rCorr Dex+2}
  4073 | D:5      | Entered Level 5 of the Dungeon
  4128 | D:5      | Reached skill level 5 in Armour
  4194 | D:5      | You fall into a shaft and drop 2 floors!
  4590 | D:7      | Reached XP level 8. HP: 71/71 MP: 8/8
  4844 | D:7      | Found an iron altar of Okawaru.
  4879 | D:7      | Reached skill level 5 in Fighting
  4943 | D:7      | Reached **** piety under Trog
  4944 | D:7      | Reached skill level 5 in Shields
  4955 | D:6      | Noticed Blork the orc
  5237 | D:5      | Found a sacrificial altar of Ru.
  5367 | D:5      | Found a runed translucent door.
  5368 | D:5      | Noticed Crazy Yiuf
  5408 | D:5      | Found a staircase to the Ecumenical Temple.
  5593 | D:5      | Killed Crazy Yiuf
  5693 | Temple   | Entered the Ecumenical Temple
  6165 | D:6      | Reached XP level 9. HP: 80/80 MP: 9/9
  7251 | D:6      | Killed Blork the orc
  7411 | D:7      | Reached skill level 6 in Fighting
  7428 | D:8      | Upgraded the game from 0.30-a0-852-g08b95dd62f to
                  | 0.30-a0-859-gf88a04b62d
  7566 | D:7      | Reached skill level 5 in Short Blades
  7826 | D:8      | Reached ***** piety under Trog
  8169 | D:8      | Reached skill level 7 in Fighting
  8185 | D:8      | Reached XP level 10. HP: 92/92 MP: 10/10
  8372 | D:8      | Found a staircase to the Lair.
  8735 | D:9      | Found Vunumycy's Antique Weapon Boutique.
  8971 | D:9      | Found Geudao Zoul's Book Shoppe.
  8984 | D:9      | Reached skill level 8 in Fighting
  9172 | D:9      | Found an opulent altar of Gozag.
  9380 | D:9      | Found Zemoch's Jewellery Shoppe.
  9758 | D:9      | Found a bloodstained altar of Trog.
  9784 | D:10     | Entered Level 10 of the Dungeon
 10006 | D:10     | Noticed a two-headed ogre
 10012 | D:10     | Killed a two-headed ogre
 10078 | D:10     | Noticed a two-headed ogre
 10086 | D:10     | Killed a two-headed ogre
 10087 | D:10     | Reached XP level 11. HP: 101/101 MP: 11/11
 10235 | D:10     | Reached skill level 10 in Armour
 10282 | D:10     | Noticed Urug
 10294 | D:10     | Killed Urug
 10810 | D:10     | Reached skill level 9 in Fighting
 11005 | D:10     | Noticed Grum
 11016 | D:10     | Killed Grum
 12006 | D:11     | Found a staircase to the Orcish Mines.
 12749 | D:11     | Identified 2 scrolls of acquirement
 12807 | D:11     | Acquired the +3 pair of gloves of the New World {Contam
                  | +Blink rPois Regen+ SInv}
 12809 | D:11     | Acquired the +3 helmet "Teroynn" {Str+6}
 13133 | D:12     | Noticed a boulder beetle
 13167 | D:12     | Killed a boulder beetle
 13221 | D:12     | Noticed Nessos
 13224 | D:12     | Nessos changed into Nessos the snapping turtle
 13224 | D:12     | Noticed Nessos
 13245 | D:12     | Killed Nessos the snapping turtle
 13404 | D:12     | Noticed a deep elf pyromancer
 13413 | D:12     | Killed a deep elf pyromancer
 13810 | D:13     | Noticed a purple ugly thing
 13923 | Lair:1   | Entered Level 1 of the Lair of Beasts
 13932 | Lair:1   | Reached skill level 10 in Fighting
 14295 | Lair:1   | Reached XP level 12. HP: 113/113 MP: 12/12
 14467 | Lair:1   | Found a dark tunnel.
 14472 | Volcano  | Entered a volcano
 15151 | Lair:1   | Reached skill level 10 in Short Blades
 15298 | Lair:1   | Reached skill level 10 in Shields
 15321 | Lair:1   | Noticed a dire elephant
 15321 | Lair:1   | Noticed an alligator
 15458 | Lair:1   | Killed a dire elephant
 15508 | Lair:1   | Received a gift from Trog
 15650 | Lair:1   | Killed an alligator
 15651 | Lair:1   | Reached skill level 11 in Fighting
 15870 | Lair:1   | Noticed a death yak
 15878 | Lair:1   | Killed a death yak
 16168 | Lair:1   | Found the +8 autumn katana {manifold assault}
 16741 | Lair:2   | Reached XP level 13. HP: 125/125 MP: 13/13
 16965 | Lair:2   | Reached skill level 5 in Long Blades
 17191 | Lair:2   | Reached skill level 12 in Fighting
 17262 | Lair:2   | Found a hole to the Spider Nest.
 17475 | Lair:2   | Found a staircase to the Swamp.
 18048 | Lair:3   | Noticed Rupert
 18048 | Lair:3   | Paralysed by Rupert for 5 turns
 18075 | Lair:3   | Killed Rupert
 18447 | Lair:3   | Found a transporter.
 18451 | Lair:3   | Noticed Fiji Kou's ghost (journeyman FeSu)
 18458 | Lair:3   | Found a transporter.
 18886 | Lair:3   | Killed Fiji Kou's ghost
 19344 | Lair:4   | Identified the +7 demon blade of the Eternal Warrior
                  | {heavy, Will+ Str+3} (Trog gifted it to you on level 4 of
                  | the Lair of Beasts)
 19344 | Lair:4   | Received a gift from Trog
 19355 | Lair:4   | Reached skill level 13 in Fighting
 19722 | Lair:4   | Reached XP level 14. HP: 136/138 MP: 14/14
 20197 | Lair:4   | Found a viscous altar of Jiyva.
 20197 | Lair:4   | Found a staircase to the Slime Pits.
 20460 | Lair:5   | Entered Level 5 of the Lair of Beasts
 20564 | Lair:5   | Identified the +10 hand axe "Adaoxt" {heavy, rElec Will+
                  | Dex+3 Stlth+}
 20744 | Lair:5   | Reached skill level 14 in Fighting
 21174 | Lair:5   | Reached skill level 10 in Long Blades
 21306 | Lair:5   | Reached ****** piety under Trog
 21878 | Lair:5   | Identified the ring "Ruvvaw" {rPois MP+9 EV+5}
 21889 | Lair:5   | Identified the +6 arbalest "Bytioh" {speed, Will+ rCorr
                  | Int+2 Dex+2}
 22219 | D:13     | Received a gift from Trog
 22746 | D:13     | Reached skill level 15 in Fighting
 22780 | D:13     | Identified the +7 tower shield of Xom's Inspiration {rC+
                  | Regen+}
 22813 | D:13     | Found a gate to the Vaults.
 23171 | D:14     | Found a frozen archway.
 23270 | D:14     | Reached XP level 15. HP: 150/150 MP: 15/15
 23300 | IceCv    | Entered an ice cave
 23747 | IceCv    | Received a gift from Trog
 24043 | IceCv    | Noticed a shard shrike
 24073 | IceCv    | Killed a shard shrike
 24147 | IceCv    | Got the Tome of the Deep Freeze
 26179 | D:14     | Received a gift from Trog
 26729 | D:15     | Entered Level 15 of the Dungeon
 26909 | D:15     | Reached XP level 16. HP: 130/159 MP: 16/16
 26931 | D:15     | Found a staircase to the Depths.
 27172 | D:15     | Found a portal to a secret trove of treasure.
 27557 | D:15     | Received a gift from Trog
 28186 | Orc:1    | Entered Level 1 of the Orcish Mines
 28186 | Orc:1    | Noticed Fannar
 28196 | Orc:1    | Killed Fannar
 28640 | Orc:2    | Entered Level 2 of the Orcish Mines
 29104 | Orc:2    | Found a staircase to the Elven Halls.
 29254 | Orc:2    | Found Beggif's Magic Scroll Shop.
 29266 | Orc:2    | Bought a scroll of identify for 26 gold pieces
 29266 | Orc:2    | Bought a scroll of identify for 26 gold pieces
 29266 | Orc:2    | Bought a scroll of blinking for 97 gold pieces
 29266 | Orc:2    | Bought a scroll of teleportation for 39 gold pieces
 29266 | Orc:2    | Bought a scroll of summoning for 123 gold pieces
 29266 | Orc:2    | Bought a scroll of identify for 26 gold pieces
 29266 | Orc:2    | Bought a scroll of magic mapping for 97 gold pieces
 29802 | Orc:2    | Reached skill level 15 in Armour
 29817 | Orc:2    | Found Anutwukk's Weapon Shoppe.
 29817 | Orc:2    | Found Washic's Book Shop.
 29819 | Orc:2    | Found Baony's Armour Shoppe.
 29819 | Orc:2    | Found Koabis's Book Shop.
 30161 | Swamp:1  | Entered Level 1 of the Swamp
 30196 | Swamp:1  | Identified the +2 war axe "Zieplek" {heavy, *Rage rElec
                  | Will+++ Dex-4}
 30251 | Swamp:1  | Received a gift from Trog
 30339 | Swamp:1  | Noticed Donald
 30341 | Swamp:1  | Noticed Jorgrun
 30353 | Swamp:1  | Killed Jorgrun
 30360 | Swamp:1  | Killed Donald
 30917 | Swamp:2  | Reached skill level 15 in Long Blades
 31074 | Swamp:2  | You fall into a shaft and drop 1 floor!
 31517 | Swamp:3  | Found a transporter.
 31568 | Swamp:3  | Identified the +0 war axe of War {venom, rPois rC+ Str+5}
 31720 | Swamp:3  | Received a gift from Trog
 31903 | Swamp:3  | Found a transporter.
 32025 | Swamp:3  | Noticed Vioczuc's ghost (adept TrCK)
 32110 | Swamp:4  | Entered Level 4 of the Swamp
 32141 | Swamp:4  | Reached XP level 17. HP: 166/166 MP: 17/17
 33419 | Swamp:4  | Noticed a tentacled monstrosity
 33435 | Swamp:4  | Killed a tentacled monstrosity
 33655 | Swamp:4  | Noticed the 27-headed Lernaean hydra
 33694 | Swamp:4  | Received a gift from Trog
 34158 | Swamp:4  | Paralysed by a fenstrider witch for 5 turns
 34656 | Swamp:4  | Killed the 27-headed Lernaean hydra
 34705 | Swamp:4  | Got a decaying rune of Zot
 34925 | Spider:1 | Entered Level 1 of the Spider Nest
 35336 | Spider:1 | Noticed Roxanne
 35602 | Spider:1 | Noticed Louise
 35639 | Spider:1 | Killed Louise
 35704 | Spider:1 | Reached skill level 16 in Fighting
 35873 | Spider:1 | Received a gift from Trog
 37926 | Spider:2 | Noticed Frances
 37938 | Spider:2 | Killed Frances
 38255 | Spider:2 | Reached XP level 18. HP: 177/177 MP: 18/18
 38502 | Spider:3 | Upgraded the game from 0.30-a0-859-gf88a04b62d to
                  | 0.30-a0-860-g512cf1e979
 38611 | Spider:3 | Received a gift from Trog
 38815 | Spider:3 | Gained mutation: You are frail. (-10% HP) [mutagenic glow]
 38830 | Spider:3 | Gained mutation: You are weak. (Str -2) [mutagenic glow]
 38851 | Spider:3 | Gained mutation: You are vulnerable to heat. (rF-)
                  | [mutagenic glow]
 38868 | Spider:3 | Gained mutation: You are very frail. (-20% HP) [mutagenic
                  | glow]
 38871 | Spider:3 | Identified the +8 falchion of the Final Decision {drain,
                  | Dex+5}
 39481 | Spider:4 | Entered Level 4 of the Spider Nest
 40571 | Spider:3 | Reached skill level 15 in Shields
 41112 | Spider:4 | Received a gift from Trog
 41448 | Spider:4 | Reached skill level 17 in Fighting
 42168 | Spider:4 | Got a gossamer rune of Zot
 42169 | Spider:4 | Reached skill level 18 in Fighting
 42169 | Spider:4 | Reached XP level 19. HP: 155/155 MP: 19/19
 42169 | Spider:4 | Reached XP level 20. HP: 162/162 MP: 20/20
 42639 | Vaults:1 | Entered Level 1 of the Vaults
 42793 | Vaults:1 | Received a gift from Trog
 43426 | Vaults:1 | Upgraded the game from 0.30-a0-860-g512cf1e979 to
                  | 0.30-a0-862-g1aabd4f9c5
 43436 | Vaults:1 | Reached XP level 21. HP: 142/168 MP: 21/21
 43727 | D:9      | Bought the amulet of the Butterfly {rElec Regen+ Dex+8} for
                  | 851 gold pieces
 44816 | Vaults:2 | Received a gift from Trog
 44985 | Vaults:2 | Identified the +0 pair of gloves of Disaster {Int+6}
 45824 | Vaults:2 | Found Ciezyl's Jewellery Boutique.
 45843 | Vaults:2 | Paralysed by a great orb of eyes for 4 turns
 46114 | Lair:1   | Lost mutation: You are vulnerable to heat. (rF-) [potion of
                  | mutation]
 46114 | Lair:1   | Lost mutation: You are very frail. (-20% HP) [potion of
                  | mutation]
 46114 | Lair:1   | Lost mutation: You are frail. (-10% HP) [potion of
                  | mutation]
 46114 | Lair:1   | Lost mutation: You are weak. (Str -2) [potion of mutation]
 46114 | Lair:1   | Gained mutation: You have a pair of small horns on your
                  | head. [potion of mutation]
 46114 | Lair:1   | Gained mutation: You possess an exceptional clarity of
                  | mind. [potion of mutation]
 46114 | Lair:1   | Gained mutation: Your mind is acute. (Int +4, Str/Dex -1)
                  | [potion of mutation]
 46514 | Vaults:2 | Bought the ring "Koups" {rPois rF+ rN+ Dex-2} for 543 gold
                  | pieces
 46956 | Vaults:2 | Received a gift from Trog
 47966 | Vaults:3 | Found a staircase to the Crypt.
 48530 | Vaults:3 | Found Hosib's General Store.
 48537 | Vaults:3 | Bought a scroll of enchant armour for 90 gold pieces
 48649 | Vaults:3 | Received a gift from Trog
 48754 | Vaults:3 | Found a huge runed gate.
 48754 | Vaults:3 | Found a huge runed gate.
 48754 | Vaults:3 | Found a huge runed gate.
 48754 | Vaults:3 | Found a huge runed gate.
 48754 | Vaults:3 | Found a huge runed gate.
 48754 | Vaults:3 | Found a huge runed gate.
 48755 | Vaults:3 | Found a huge runed gate.
 48755 | Vaults:3 | Found a huge runed gate.
 48755 | Vaults:3 | Found a huge runed gate.
 48756 | Vaults:3 | Found a huge runed gate.
 48760 | Vaults:3 | Found a huge runed gate.
 48760 | Vaults:3 | Found a huge runed gate.
 48760 | Vaults:3 | Found a huge runed gate.
 48760 | Vaults:3 | Found a huge runed gate.
 48760 | Vaults:3 | Found a huge runed gate.
 48760 | Vaults:3 | Found a huge runed gate.
 48761 | Vaults:3 | Found a huge runed gate.
 48762 | Vaults:3 | Found a huge runed gate.
 48763 | Vaults:3 | Found a huge runed gate.
 48771 | Vaults:3 | Found a huge runed gate.
 48771 | Vaults:3 | Found a huge runed gate.
 48771 | Vaults:3 | Found a huge runed gate.
 48771 | Vaults:3 | Found a huge runed gate.
 48771 | Vaults:3 | Found a huge runed gate.
 48771 | Vaults:3 | Found a huge runed gate.
 48772 | Vaults:3 | Found a huge runed gate.
 48884 | Vaults:3 | Found a huge runed gate.
 48885 | Vaults:3 | Found a huge runed gate.
 48893 | Vaults:3 | Found a huge runed gate.
 48893 | Vaults:3 | Found a huge runed gate.
 48893 | Vaults:3 | Found a huge runed gate.
 48893 | Vaults:3 | Found a huge runed gate.
 48893 | Vaults:3 | Found a huge runed gate.
 48893 | Vaults:3 | Found a huge runed gate.
 48894 | Vaults:3 | Found a huge runed gate.
 48895 | Vaults:3 | Found a huge runed gate.
 49796 | Vaults:4 | Reached XP level 22. HP: 216/216 MP: 22/22
 50175 | Vaults:4 | Received a gift from Trog
 50963 | Vaults:5 | Entered Level 5 of the Vaults
 51224 | Depths:1 | Entered Level 1 of the Depths
 51342 | Depths:1 | Found a gateway to Hell.
 51479 | Depths:1 | Received a gift from Trog
 51640 | Depths:1 | Found a runed translucent gate.
 51641 | Depths:1 | Found a runed translucent gate.
 51650 | Depths:1 | Found a runed translucent gate.
 51887 | Elf:1    | Entered Level 1 of the Elven Halls
 51892 | Elf:1    | Paralysed by an air elemental for 1 turns
 51898 | Elf:1    | Paralysed by an air elemental for 1 turns
 51903 | Elf:1    | Paralysed by an air elemental for 1 turns
 51907 | Elf:1    | Paralysed by an air elemental for 1 turns
 51928 | Elf:1    | Paralysed by an air elemental for 1 turns
 52007 | Elf:1    | Paralysed by an air elemental for 1 turns
 52046 | Elf:1    | Reached skill level 19 in Fighting
 52165 | Elf:1    | Found a runed translucent gate.
 52165 | Elf:1    | Found a runed translucent gate.
 52165 | Elf:1    | Found a runed translucent gate.
 52193 | Elf:1    | Found a flickering gateway to a bazaar.
 52199 | Bazaar   | Entered a bazaar
 52204 | Bazaar   | Found Cibely's Book Shoppe.
 52211 | Bazaar   | Found Yzaircho's Antique Weapon Boutique.
 52220 | Bazaar   | Found Wamaahab's General Store.
 52229 | Bazaar   | Bought a scroll of enchant armour for 90 gold pieces
 52230 | Bazaar   | Found Nazyschyb's Jewellery Shoppe.
 52240 | Bazaar   | Bought the ring "Palloah" {rElec rF++ Int+3 Dex-4 Slay+4}
                  | for 1262 gold pieces
 53629 | Depths:1 | Found a one-way gate to the infinite horrors of the Abyss.
 53648 | Depths:1 | Noticed Mara
 53666 | Depths:1 | Noticed OrthodoxDeviant's illusion
 53671 | Depths:1 | Killed Mara
 53682 | Depths:1 | Received a gift from Trog
 53751 | Depths:1 | Noticed relicbr's ghost (adept SpDe)
 53836 | Depths:1 | Found a one-way gate leading to the halls of Pandemonium.
 54467 | Depths:1 | Noticed a golden dragon
 54526 | Depths:1 | Killed a golden dragon
 54564 | Depths:1 | Noticed a juggernaut
 54579 | Depths:1 | Killed a juggernaut
 54825 | Depths:1 | Reached XP level 23. HP: 230/230 MP: 23/23
 55153 | Depths:1 | Killed relicbr's ghost
 55154 | Depths:1 | Reached skill level 20 in Fighting
 55299 | Depths:1 | Identified the +1 hat of the Watchman {rCorr Dex+3}
 55350 | Hell     | Entered the Vestibule of Hell
 55350 | Hell     | Noticed Geryon
 55435 | Depths:2 | Received a gift from Trog
 55641 | Depths:2 | Found a snail-covered altar of Cheibriados.
 56625 | Depths:3 | Found a radiant altar of Vehumet.
 57182 | Depths:3 | Identified the +6 long sword of the Sneaky Knives {flame,
                  | rN+} (Trog gifted it to you on level 3 of the Depths)
 57182 | Depths:3 | Received a gift from Trog
 57310 | Depths:3 | Found a transporter.
 57492 | Depths:3 | Noticed a juggernaut
 57995 | Depths:3 | Found a transporter.
 57995 | Depths:3 | Found a runed translucent door.
 57995 | Depths:3 | Found a bloodstained altar of Trog.
 57995 | Depths:3 | Found the +8 Wrath of Trog {antimagic, *Rage Rampage}
 57999 | Depths:3 | Killed a juggernaut
 58115 | Depths:3 | Reached skill level 21 in Fighting
 58143 | Depths:3 | Received a gift from Trog
 58285 | Depths:4 | Entered Level 4 of the Depths
 58798 | Depths:4 | Noticed Margery
 58814 | Depths:3 | Killed Margery
 58887 | Depths:4 | Reached skill level 22 in Fighting
 59186 | Depths:4 | Noticed a juggernaut
 59502 | Depths:4 | Reached XP level 24. HP: 209/249 MP: 23/23
 59560 | Depths:4 | Found a gate to the Realm of Zot.
 59619 | Depths:4 | Reached skill level 23 in Fighting
 59625 | Depths:4 | Killed a juggernaut
 59650 | Depths:4 | Noticed an ancient lich
 59650 | Depths:4 | Noticed a dread lich
 60136 | Depths:4 | Found a one-way gateway to a ziggurat.
 60317 | Depths:4 | Killed an ancient lich
 60340 | Depths:4 | Killed a dread lich
 61067 | Elf:1    | Received a gift from Trog
 61187 | Elf:2    | Paralysed by an air elemental for 1 turns
 61262 | Elf:2    | Reached skill level 24 in Fighting
 61344 | Elf:2    | Paralysed by an air elemental for 1 turns
 61549 | Elf:2    | Found a runed translucent gate.
 61549 | Elf:2    | Found a runed translucent gate.
 61549 | Elf:2    | Found a runed translucent gate.
 61638 | Elf:2    | Received a gift from Trog
 61717 | Abyss:2  | Found a corrupted altar of Lugonu.
 61717 | Abyss:2  | Cast into level 2 of the Abyss (+0 scimitar of distortion)
 62121 | Elf:2    | Escaped the Abyss
 62549 | Elf:3    | Entered Level 3 of the Elven Halls
 62732 | Elf:3    | Found Guloz's Antique Armour Boutique.
 62759 | Elf:3    | Received a gift from Trog
 62760 | Elf:3    | Reached skill level 25 in Fighting
 63557 | Elf:3    | Identified the +3 lajatang "Saely" {flame, Int+2}
 63697 | Elf:3    | Reached XP level 25. HP: 213/268 MP: 23/23
 63714 | Elf:3    | Received a gift from Trog
 63783 | Elf:3    | Identified the +4 dagger of Incongruity {holy, rElec Dex+3}
 64539 | Vaults:5 | Noticed a dread lich
 64547 | Vaults:5 | Paralysed by a dread lich for 3 turns
 64554 | Vaults:5 | Killed a dread lich
 64641 | Vaults:5 | Reached skill level 26 in Fighting
 64701 | Vaults:5 | Noticed an ancient lich
 64720 | Vaults:5 | Killed an ancient lich
 64954 | Vaults:5 | Noticed Frederick
 64957 | Vaults:5 | Noticed an ancient lich
 64960 | Vaults:5 | Received a gift from Trog
 64974 | Vaults:5 | Killed an ancient lich
 64992 | Vaults:5 | Killed Frederick
 65144 | Vaults:5 | Identified the +5 leather armour "Taetatops" {rF- rC+
                  | Str+6}
 65152 | Vaults:5 | Noticed a dread lich
 65170 | Vaults:5 | Killed a dread lich
 65285 | Vaults:5 | Got a silver rune of Zot
 65396 | Vaults:5 | Found Axuar's Magic Scroll Emporium.
 65405 | Vaults:5 | Identified the +2 mace "Vosom" {flame, Will- Dex+6}
 65493 | Vaults:5 | Bought a scroll of acquirement for 988 gold pieces
 65493 | Vaults:5 | Bought a scroll of blinking for 142 gold pieces
 65493 | Vaults:5 | Bought a scroll of fog for 76 gold pieces
 65494 | Vaults:5 | Acquired a +2 double sword of venom
 65557 | Vaults:5 | Received a gift from Trog
 65629 | Vaults:5 | Identified the +3 leather armour "Meychyc" {rC+ Str+6 Dex-5
                  | SInv}
 65630 | Vaults:5 | Identified the +1 halberd "Widowermaker" {distort, Dex+3}
 65631 | Vaults:5 | Identified the +6 great mace "Hugutumm" {freeze, +Blink
                  | rPois Str+5 Stlth-}
 65873 | Vaults:5 | Found Pegeiph's Magic Scroll Emporium.
 65878 | Vaults:5 | Bought a scroll of teleportation for 60 gold pieces
 65878 | Vaults:5 | Bought a scroll of teleportation for 60 gold pieces
 65878 | Vaults:5 | Bought a scroll of blinking for 150 gold pieces
 65878 | Vaults:5 | Bought a scroll of fear for 80 gold pieces
 65878 | Vaults:5 | Bought a scroll of enchant weapon for 150 gold pieces
 65878 | Vaults:5 | Bought a scroll of enchant armour for 150 gold pieces
 65878 | Vaults:5 | Bought a scroll of teleportation for 60 gold pieces
 66801 | Temple   | Fell from the grace of Trog
 66801 | Temple   | Became a worshipper of the Shining One
 67278 | Crypt:1  | Entered Level 1 of the Crypt
 67336 | Crypt:1  | Reached * piety under the Shining One
 67423 | Crypt:1  | Reached ** piety under the Shining One
 67630 | Crypt:1  | Reached *** piety under the Shining One
 67999 | Crypt:2  | Reached **** piety under the Shining One
 68422 | Crypt:2  | Reached XP level 26. HP: 255/279 MP: 23/23
 68523 | Crypt:2  | Reached ***** piety under the Shining One
 68873 | Crypt:2  | Reached ****** piety under the Shining One
 69295 | Lair:1   | Identified a +7 eudemon blade of holy wrath (a +5 demon
                  | blade blessed by the Shining One)
 69295 | Lair:1   | Received a gift from the Shining One
 70019 | Crypt:3  | Entered Level 3 of the Crypt
 70301 | Crypt:3  | Found a staircase to the Tomb.
 70490 | Crypt:3  | Noticed Boris
 70503 | Crypt:3  | Killed Boris
 70636 | Crypt:3  | Paralysed by a vampire knight for 2 turns
 70650 | Crypt:3  | Reached skill level 1 in Invocations
 70862 | Crypt:3  | Found an ancient bone altar of Kikubaaqudgha.
 70880 | Crypt:3  | Got the Elucidation of Vile Interference
 70909 | Crypt:3  | Noticed Jory
 70910 | Crypt:3  | Reached skill level 5 in Invocations
 70910 | Crypt:3  | Identified the +1 leather armour "Yhudeini" {+Blink rCorr
                  | Str-2 SInv}
 70928 | Crypt:3  | Killed Jory
 70944 | Crypt:3  | Found the +8 trishula "Condemnation" {holy, anguish, *Noise
                  | Fly rN+}
 71233 | Crypt:3  | Found the +7 great mace "Undeadhunter" {deathbane, rN+}
 71440 | Crypt:3  | Upgraded the game from 0.30-a0-862-g1aabd4f9c5 to
                  | 0.30-a0-867-g305f33218d
 71446 | Crypt:3  | Upgraded the game from 0.30-a0-867-g305f33218d to
                  | 0.30-a0-870-gc5d4c5acee
 71940 | Temple   | Fell from the grace of the Shining One
 71940 | Temple   | Became a worshipper of Zin the Law-Giver
 71940 | Temple   | Reached * piety under Zin
 71940 | Temple   | Reached ** piety under Zin
 71940 | Temple   | Reached *** piety under Zin
 71940 | Temple   | Reached **** piety under Zin
 71940 | Temple   | Reached ***** piety under Zin
 72372 | Slime:1  | Entered Level 1 of the Pits of Slime
 72372 | Slime:1  | You fall into a shaft and drop 1 floor!
 72816 | Slime:4  | Noticed Dissolution
 73129 | Slime:5  | Entered Level 5 of the Pits of Slime
 73183 | Slime:5  | Reached skill level 10 in Invocations
 73212 | Slime:5  | Paralysed by a floating eye for 2 turns
 73215 | Slime:5  | Paralysed by a floating eye for 3 turns
 73218 | Slime:5  | Killed Dissolution
 73999 | Slime:3  | Paralysed by a great orb of eyes for 3 turns
 74164 | Slime:5  | Noticed the Royal Jelly
 74525 | Slime:5  | Found a viscous altar of Jiyva.
 74540 | Slime:5  | Reached XP level 27. HP: 287/287 MP: 32/32
 74631 | Slime:5  | Killed the Royal Jelly
 74853 | Slime:5  | Reached ****** piety under Zin
 74868 | Slime:5  | Got the Notes on Support
 74870 | Slime:5  | Got Muhasot's Octavo of the Changed Gift
 74922 | Slime:5  | Got a slimy rune of Zot
 75918 | Depths:1 | Voluntarily entered the Abyss.
 75918 | Abyss:2  | Found a shadowy altar of Dithmenos.
 75991 | Abyss:3  | Found a corrupted altar of Lugonu.
 75993 | Abyss:3  | Found a corrupted altar of Lugonu.
 76032 | Abyss:3  | Found a corrupted altar of Lugonu.
 76037 | Abyss:3  | Paralysed by accursed screaming for 2 turns
 76043 | Abyss:3  | Paralysed by accursed screaming for 1 turns
 76266 | Abyss:3  | Found a corrupted altar of Lugonu.
 76272 | Abyss:3  | Found a corrupted altar of Lugonu.
 76292 | Abyss:3  | Paralysed by accursed screaming for 1 turns
 76335 | Abyss:3  | Found a corrupted altar of Lugonu.
 76478 | Abyss:3  | Found a corrupted altar of Lugonu.
 76534 | Abyss:3  | Found a candlelit altar of Ignis.
 76552 | Abyss:3  | Found a corrupted altar of Lugonu.
 76588 | Abyss:3  | Reached skill level 15 in Invocations
 76711 | Abyss:3  | Paralysed by accursed screaming for 1 turns
 76753 | Abyss:3  | Paralysed by accursed screaming for 2 turns
 76761 | Abyss:3  | Paralysed by accursed screaming for 2 turns
 76770 | Abyss:3  | Paralysed by accursed screaming for 2 turns
 76796 | Abyss:3  | Paralysed by accursed screaming for 2 turns
 76830 | Abyss:3  | Got an abyssal rune of Zot
 76891 | Abyss:3  | Paralysed by accursed screaming for 1 turns
 77006 | Abyss:3  | Paralysed by accursed screaming for 2 turns
 77009 | Depths:1 | Escaped the Abyss
 77401 | Temple   | Fell from the grace of Zin
 77401 | Temple   | Became a worshipper of the Shining One
 78274 | Temple   | Fell from the grace of the Shining One
 78274 | Temple   | Became a worshipper of Zin the Law-Giver
 78702 | Zot:1    | Entered Level 1 of the Realm of Zot
 79231 | Zot:1    | You fall into a shaft and drop 1 floor!
 80426 | Zot:2    | Upgraded the game from 0.30-a0-870-gc5d4c5acee to
                  | 0.30-a0-879-ga8ba668304
 80742 | Zot:2    | Found a runed translucent gate.
 80742 | Zot:2    | Found a runed translucent gate.
 80742 | Zot:2    | Found a runed translucent gate.
 80743 | Zot:2    | Found an opulent altar of Gozag.
 80744 | Zot:2    | Found Vybonoykk's Assorted Antiques.
 80744 | Zot:2    | Found Upeudd's Assorted Antiques.
 80745 | Zot:2    | Noticed Joggorr's ghost (veteran OgBe)
 80793 | Zot:2    | Killed Joggorr's ghost
 80838 | Zot:2    | Bought a potion of haste for 470 gold pieces
 81471 | Zot:3    | Noticed Xitz's ghost (veteran DsCj)
 81472 | Zot:3    | Found a runed translucent door.
 82335 | Zot:3    | Killed Xitz's ghost
 82444 | Zot:3    | Got Dispater's Guidebook on the Mesa
 82454 | Zot:3    | Identified the -1 hat of the Harvest {Will+}
 83645 | D:15     | Learned a level 5 spell: Silence
 83911 | Zot:5    | Entered Level 5 of the Realm of Zot
 84055 | Zot:5    | Reached skill level 1 in Hexes
 84055 | Zot:5    | Reached skill level 1 in Air Magic
 84173 | Zot:5    | Reached skill level 1 in Spellcasting
 84457 | Zot:5    | Noticed an orb of fire
 84490 | Zot:5    | Killed an orb of fire
 84610 | Zot:5    | Noticed an ancient lich
 84614 | Zot:5    | Noticed an orb of fire
 84618 | Zot:5    | Noticed a dread lich
 84651 | Zot:5    | Killed an orb of fire
 84655 | Zot:5    | Killed a dread lich
 84660 | Zot:5    | Killed an ancient lich
 84683 | Zot:5    | Reached skill level 5 in Hexes
 84683 | Zot:5    | Reached skill level 5 in Air Magic
 84867 | Zot:5    | Noticed an orb of fire
 85302 | Zot:5    | Killed an orb of fire
 85560 | Zot:5    | Was forgiven by Trog
 85599 | Zot:5    | Noticed a dread lich
 85607 | Zot:5    | Killed a dread lich
 85864 | Zot:5    | Noticed an orb of fire
 85884 | Zot:5    | Killed an orb of fire
 86175 | Zot:5    | Got the Orb of Zot
 86183 | Zot:5    | Noticed Boris
 86199 | Zot:5    | Killed Boris
 86429 | Depths:4 | Reached skill level 5 in Spellcasting
 86950 | D:$      | Escaped with the Orb!

Illustrated notes

Levels and vault maps discovered:
D:1:      dpeg_arrival_water_temple_mockup, layout_basic, glass_columns_c,
          minmay_tetromino_o4
D:2:      layout_loops_corners, serial_glass, glass_columns_a, glass_columns_b,
          glass_columns_b, glass_columns_b, glass_columns_c, glass_columns_b,
          glass_columns_a, glass_columns_b, glass_columns_b, glass_columns_c,
          glass_columns_b, glass_columns_a, glass_columns_a, glass_columns_a,
          uniq_robin, uniq_sigmund, uniq_natasha
D:3:      layout_basic, cheibrodos_ashenzari_chains,
          minmay_overflow_temple_star_quad
D:4:      layout_rooms, uniq_menkaure
D:5:      layout_cave_pools, nicolae_ru_great_annihilating_truth,
          minmay_temple_entry_enclosed_plants, uniq_crazy_yiuf_cottage
D:6:      layout_gridville, minivault_14, uniq_blork_the_orc
D:7:      layout_loops_corners, mainiacjoe_overflow_six_doors_small,
          serial_glass, glass_columns_b, glass_columns_a
D:8:      layout_basic, erik_lair_island
D:9:      layout_roguey, mainiacjoe_overflow_alcove_2, kennysheep_mini,
          serial_shops, nicolae_shop_statue_plus, shop,
          nicolae_shop_behind_doors, serial_bayou_pond_e
D:10:     layout_stronghold, hangedman_abyss_or_decor_lesser_grid, uniq_grum,
          uniq_urug
D:11:     layout_stronghold, erik_orc_4
D:12:     layout_loops_ring, uniq_nessos
D:13:     layout_stronghold, ximxim_vaults_locker_room
D:14:     slaughterhouse, layout_basic, portal_ice_cave_entry_ugly_swarm
D:15:     hangedman_depths_entry_civil_slaughter, layout_long_grid,
          minmay_misc_feat_encased, nicolae_trove_entry_columns,
          minmay_unpleasant_kobolds
Temple:   dpeg_chambers_temple
Lair:1:   lemuel_reptile_caves, layout_regular_city, enter_volcano_4,
          nicolae_lair_lakeside_cave, infiniplex_staircase_pool_2,
          lemuel_fruit_tree
Lair:2:   layout_long_grid, nicolae_swamp_entry_splash_gauntlet,
          dummy_spider_entry, minmay_holes, beast_lair_carwin_5,
          grunt_megastairs_4, infiniplex_staircase_pool, serial_bayou_shore_b
Lair:3:   layout_small_grid, gammafunk_ghost_arena, serial_bayou_pond_c,
          grunt_megastairs_3, uniq_rupert
Lair:4:   layout_cave_pods, dpeg_slime_entry_enclosed
Lair:5:   grunt_lair_end_beastmaster, layout_loops_ring,
          small_statue_intersection
Swamp:1:  layout_basic_swamp, evilmike_swamp_ruin_rubble_1, uniq_donald,
          uniq_jorgrun
Swamp:2:  layout_basic_swamp, serial_swamp_ruin, evilmike_swamp_ruin_house_3,
          evilmike_swamp_ruin_house_4, lightli_tree_ring
Swamp:3:  layout_basic_swamp, gammafunk_ghost_mausoleum,
          nicolae_swamp_tree_designs
Swamp:4:  grunt_swamp_rune_castle, layout_basic_swamp,
          nicolae_swamp_soggy_hallways
Spider:1: layout_chambers, uniq_roxanne, uniq_louise
Spider:2: layout_spider_delve, nicolae_spider_undead_wolf_pack, uniq_frances
Spider:3: layout_spider_delve
Spider:4: grunt_spider_rune_circles
Slime:1:  layout_caves
Slime:2:  layout_caves
Slime:3:  cheibrodos_slime_lost_civilization_8, layout_caves
Slime:4:  layout_caves, dissolution_awaits
Slime:5
Orc:1:    layout_caves, uniq_fannar
Orc:2:    grunt_orc_tribal_feast, layout_diamond_mine, serial_shops, shop,
          abandoned_shop
Elf:1:    elf_arrival_002, layout_rooms, serial_shops, bzr_entry_safe,
          minmay_elf_demonology, hangedman_elven_pyramids,
          nicolae_gammafunk_elf_defective_weapons_storage
Elf:2:    nicolae_elf_blades_splatter_lattice
          [nicolae_blade_entry_area_security], layout_geoelf_octagon,
          lemuel_elevator
Elf:3:    minmay_elf_hall_x, layout_geoelf_castle, serial_shops,
          nicolae_shop_overgrown_old_shop
Vaults:1: nicolae_vaults_big_angled_halls, nicolae_vaults_minivaults,
          nicolae_vaults_big_angled_halls, ontoclasm_vaults_loading_screen,
          nicolae_vaults_big_ls, v_pattern_5, nicolae_vaults_alarming,
          hangedman_vaults_trim, nicolae_vaults_network_quinsquares
          [nicolae_vaults_network_quincunx_subvault,
          nicolae_vaults_network_quincunx_subvault,
          nicolae_vaults_network_quincunx_subvault,
          nicolae_vaults_network_quincunx_subvault], vaults_room_pools,
          hangedman_vaults_unwind, vaults_room_fancy_cross,
          layout_vaults_maze_bifur
Vaults:2: hangedman_vaults_capsules, st_star, ontoclasm_vaults_decontamination,
          hangedman_vaults_stretched_pinwheel, vaults_mumra_hexcomb,
          vaults_room_mumra_shop_pool, nicolae_vaults_little_squares_4,
          layout_vaults_omnigrid
Vaults:3: nicolae_vaults_network_barrier, minmay_crypt_entry_skeletal_spiral,
          nicolae_vaults_display_case, vaults_room_door_hall,
          hangedman_vaults_snaps, dpeg_vaults_monster_box, v_misc_8,
          not_door_vault_mu, v_alt_pattern_1, v_rooms_3, ontoclasm_vaults_idyll,
          nicolae_vaults_windows_and_doors_thing, nicolae_vaults_theta,
          layout_vaults_omnibox, serial_shops,
          nicolae_shop_competitors_out_of_business
Vaults:4: vaults_dpeg_hooks, v_misc_18, vaults_room_octagon,
          hangedman_vaults_impose, v_misc_13, v_misc_1,
          nicolae_vaults_little_squares_4, v_misc_19, vaults_room_pools,
          vaults_dpeg_cross, layout_vaults_chaotic_city
Vaults:5: uniq_frederick
Crypt:1:  layout_misc_corridors
Crypt:2:  layout_basic, minmay_misc_feat_cross, nicolae_crypt_crumbling_hall
Crypt:3:  church_of_pain_bobbens, layout_chaotic_city,
          nicolae_tomb_entry_unfolded_pyramid_diagonal, grunt_ministairs_11,
          uniq_boris
Depths:1: lemuel_traditional_vault, layout_gridlike, grunt_hell_horde,
          gammafunk_ghost_necromancy, pan_entry, abyss_entry, st_stairs_3,
          evilmike_butchery, serial_bayou_shore_b, uniq_mara
Depths:2: wad_pebble_path, layout_cave_shapes, cheibriados_altar_1,
          pf_coc_iceberg, rand_demon_pan_entry_3
Depths:3: emtedronai_trogs_sanctum, layout_gridlike, rand_demon_pan_entry_7,
          nicolae_vehumet_radiance, abyss_entry, grunt_hell_entry_dis_grunt,
          infiniplex_staircase_x
Depths:4: grunt_x_marks_the_spot, layout_cave_shapes, enter_ziggurat_d,
          serial_sigils, serial_sigils_hangedman_stare,
          serial_sigils_hangedman_etch, serial_sigils_hangedman_scratch,
          serial_sigils_hangedman_writhe, abyss_entry, hell_entry,
          kennysheep_flooded_box, minmay_misc_feat_more_columns, uniq_margery
Hell
Zot:1:    kennysheep_blocky_hall, layout_basic, skrybe_zot_glass_3
Zot:2:    layout_basic, ebering_ghost_gozag
Zot:3:    kennysheep_six_static_rooms, layout_concentric_octagons,
          hellmonk_ghost_big_iron
Zot:4:    kennysheep_oblong_rooms, layout_basic
Zot:5:    layout_twisted_circle

Skill      XL: |  1  2  3  4  5  6  7  8  9 10 11 12 13 14 15 16 17 18 19 20 21 22 23 24 25 26 27 |
---------------+----------------------------------------------------------------------------------+-----
Long Blades    | 3 4 8 11 13 15 16 17 19 20 22 | 22.3
Fighting       | 3 4 5 7 8 10 11 13 15 16 18 19 22 25 26 | 26.1
Armour         | 3 4 6 7 8 9 10 12 14 15 16 17 18 20 21 22 | 22.4
Shields        | 1 2 3 4 5 7 8 9 10 12 13 14 15 16 20 21 22 | 22.5
Short Blades   | 1 2 3 4 6 8 9 10 | 10.9
Invocations    | 12 22 | 22.2
Hexes          | 8 |  8.4
Air Magic      | 8 |  8.4
Spellcasting   | 5 |  5.2
Dodging        | |  1.4
Evocations     | |  0.1

Action                     |  1- 3 |  4- 6 |  7- 9 | 10-12 | 13-15 | 16-18 | 19-21 | 22-24 | 25-27 || total
---------------------------+-------+-------+-------+-------+-------+-------+-------+-------+-------++-------
  Melee: Falchion          |    80 |       |       |       |       |       |       |    17 |    84 ||   181
         Tailslap          |     9 |    10 |    33 |    97 |   278 |   417 |   224 |   459 |  1014 ||  2541
         Dagger            |    18 |   116 |   298 |   740 |   697 |   438 |       |       |       ||  2307
         Demon blade       |       |       |       |       |    45 |   313 |   947 |  1974 |   456 ||  3735
         Katana            |       |       |       |       |   807 |  1709 |       |       |   613 ||  3129
         Headbutt          |       |       |       |       |       |       |   154 |   641 |  1396 ||  2191
         Eudemon blade     |       |       |       |       |       |       |       |       |  1073 ||  1073
         Double sword      |       |       |       |       |       |       |       |       |  1527 ||  1527
  Throw: Dart              |       |       |       |     8 |       |     3 |       |       |       ||    11
 Invoke: Berserk           |     1 |     1 |       |       |     1 |     4 |     4 |     5 |       ||    16
         Brothers in Arms  |       |       |       |       |     1 |       |       |       |     2 ||     3
         Trog's Hand       |       |       |       |       |     1 |     1 |     2 |     1 |     2 ||     7
         Vitalisation      |       |       |       |       |       |       |       |       |     5 ||     5
         Recite            |       |       |       |       |       |       |       |       |     4 ||     4
         Cleansing Flame   |       |       |       |       |       |       |       |       |     3 ||     3
         Brand Weapon With |       |       |       |       |       |       |       |       |     1 ||     1
Ability: Evoke Blink       |       |       |       |       |       |       |       |     1 |     5 ||     6
  Evoke: Wand              |       |     1 |       |     5 |     2 |     2 |       |    10 |     7 ||    27
         Phantom mirror    |       |       |       |       |       |       |       |       |     1 ||     1
    Use: Potion            |     2 |       |       |       |     5 |    12 |     3 |     5 |    10 ||    37
         Scroll            |       |     1 |     8 |     8 |    14 |    11 |       |     8 |    41 ||    91
   Stab: Paralysed         |       |       |     1 |       |       |       |       |       |       ||     1
         Distracted        |       |       |     1 |       |       |       |       |       |     1 ||     2
         Sleeping          |       |       |       |     4 |       |       |       |       |       ||     4
         Petrified         |       |       |       |       |     8 |       |       |       |     1 ||     9
         Invisible         |       |       |       |       |       |       |     2 |       |       ||     2
 Armour: Animal skin       |     8 |       |       |       |       |       |       |       |       ||     8
         Chain mail        |    43 |    54 |    75 |   139 |   583 |  1214 |   421 |   231 |       ||  2760
         Leather armour    |       |       |    73 |    32 |       |       |       |       |       ||   105
         Scale mail        |       |       |       |    96 |       |       |       |       |       ||    96
         Crystal plate arm |       |       |       |       |       |       |       |   863 |   503 ||  1366
         Gold dragon scale |       |       |       |       |       |       |       |       |  1769 ||  1769
  Dodge: Dodged            |    14 |    10 |    47 |    78 |   182 |   469 |   218 |   229 |   277 ||  1524
  Block: Tower shield      |    30 |    40 |   201 |   383 |   908 |  2542 |  1151 |  2545 |  4699 || 12499

Table legend: (Time is in decaauts)
 A = Elapsed time spent in this place.
 B = Non-inter-level travel time spent in this place.
 C = Inter-level travel time spent in this place.
 D = Time resting spent in this place.
 E = Time spent auto-exploring this place.
 F = Levels seen in this place.
 G = Mean time per level.
                   A        B        C        D        E       F      G
               +--------+--------+--------+--------+--------+-----+--------+
         Total |  87327 |  69361 |  17966 |  19248 |  30345 |  63 | 1386.1 |
       Dungeon |  24270 |  16728 |   7542 |   5052 |   8307 |  15 | 1618.0 |
        Temple |    401 |    216 |    185 |      0 |    192 |   1 |  401.0 |
          Lair |   8649 |   7391 |   1258 |   2756 |   2944 |   5 | 1729.8 |
         Swamp |   4735 |   4206 |    529 |   1789 |   1323 |   4 | 1183.8 |
   Spider Nest |   7889 |   6850 |   1039 |   3204 |   1950 |   4 | 1972.2 |
    Slime Pits |   3087 |   2670 |    417 |    797 |    940 |   5 |  617.4 |
  Orcish Mines |   1792 |   1350 |    442 |    180 |    803 |   2 |  896.0 |
   Elven Halls |   3373 |   2756 |    617 |    146 |   1464 |   3 | 1124.3 |
        Vaults |  10592 |   8317 |   2275 |   1789 |   3996 |   5 | 2118.4 |
         Crypt |   3279 |   2924 |    355 |    328 |   1710 |   3 | 1093.0 |
        Depths |   8718 |   6980 |   1738 |   1752 |   3006 |   4 | 2179.5 |
          Hell |     60 |     60 |      0 |      0 |      0 |   1 |   60.0 |
           Zot |   7423 |   5860 |   1563 |    729 |   3084 |   5 | 1484.6 |
         Abyss |   1371 |   1371 |      0 |     30 |    231 |   3 |  457.0 |
        Bazaar |     71 |     71 |      0 |      0 |     35 |   1 |   71.0 |
      Ice Cave |   1359 |   1359 |      0 |    630 |    295 |   1 | 1359.0 |
       Volcano |    252 |    252 |      0 |     61 |     62 |   1 |  252.0 |
               +--------+--------+--------+--------+--------+-----+--------+

Top non-repeatable levels by time:
Depths:1: 2916 daAuts
 Swamp:4: 2680 daAuts
Vaults:1: 2658 daAuts
  Lair:1: 2564 daAuts
    D:14: 2509 daAuts
Vaults:2: 2469 daAuts
    D:10: 2469 daAuts
Spider:1: 2360 daAuts
Depths:3: 2344 daAuts
   Zot:5: 2250 daAuts
Vaults:3: 2212 daAuts
    D:11: 2149 daAuts
Spider:3: 2010 daAuts
     D:8: 2004 daAuts
Depths:4: 1954 daAuts
